 Dungeon Crawl Stone Soup version 0.29-a0-670-g5ff2a30383 (webtiles) character file.

Game seed: 8416112900399524868

322 DeathSun the Cudgeller (level 6, -7/40 (47) HPs)
             Began as a Demonspawn Fighter on June 24, 2022.
             Was an Initiate of Nemelex Xobeh.
             Mangled by a wight
             ... wielding a +4 great sword
              (19 damage)
             ... on level 5 of the Dungeon.
             The game lasted 00:13:07 (7004 turns).

DeathSun the Cudgeller (Demonspawn Fighter)         Turns: 7004, Time: 00:13:08

HP:   -7/40 (47)    AC:  6    Str: 18      XL:     6   Next: 22%
MP:   6/6           EV:  9    Int:  8 (10) God:    Nemelex Xobeh [......]
Gold: 174           SH:  5    Dex: 18      Spells: 5/5 levels left

rFire   . . .      SeeInvis .   a - +0 flail
rCold   . . .      Faith    +   c - +0 buckler
rNeg    . . .      Spirit   .   b - +0 scale mail
rPois   .          Reflect  .   (no helmet)
rElec   .          Harm     .   (no cloak)
rCorr   .          Rampage  .   (no gloves)
Will    +....                   (no boots)
Stlth   ..........              e - amulet of faith
HPRegen 0.13/turn               i - ring of willpower
MPRegen 0.10/turn               j - +6 ring of dexterity

@: heavily drained
A: foul stench 1, powered by pain 2
a: Renounce Religion, Draw Escape, Draw Destruction, Draw Summoning


You were on level 5 of the Dungeon.
You worshipped Nemelex Xobeh.
Nemelex Xobeh was noncommittal.
You visited 2 branches of the dungeon, and saw 7 of its levels.
You also visited: Sewer.

You collected 174 gold pieces.

Inventory:

Hand Weapons
 a - a +0 flail (weapon)
Missiles
 y - an atropa-tipped dart (quivered)
 z - a throwing net
Armour
 b - a +0 scale mail (worn)
 c - a +0 buckler (worn)
Jewellery
 e - an amulet of faith (around neck)
 i - a ring of willpower (left hand)
 j - a +6 ring of dexterity (right hand)
 n - a ring of positive energy
 o - a +6 ring of dexterity
 p - a ring of flight
Scrolls
 d - 2 scrolls of teleportation {unknown}
 g - a scroll of magic mapping {unknown}
 l - a scroll of fear {unknown}
 m - a scroll of noise {unknown}
 q - a scroll of amnesia {unknown}
 r - a scroll of vulnerability {unknown}
 s - 3 scrolls of identify {unknown}
 w - a scroll of fog {unknown}
Potions
 f - 3 potions of curing
 h - a potion of degeneration {unknown}
 k - 2 potions of attraction {unknown}
 t - a potion of lignification {unknown}
 u - 3 potions of heal wounds {unknown}
 v - a potion of ambrosia {unknown}
 x - 2 potions of might


   Skills:
 - Level 3.0 Fighting
 * Level 6.1 Maces & Flails
 - Level 2.6 Armour
 - Level 2.6 Shields


You had 5 spell levels left.
You didn't know any spells.
Your spell library contained the following spells:

 Spells                   Type           Power      Damage    Failure   Level
 Beastly Appendage        Tmut           0%         N/A       88%         1
 Slow                     Hex            0%         N/A       88%         1
 Wereblood                Tmut           0%         N/A       95%         2
 Confusing Touch          Hex            0%         N/A       99%         3
 Spider Form              Tmut/Pois      0%         N/A       99%         3
 Vampiric Draining        Necr           0%         2d6       99%         3


Dungeon Overview and Level Annotations

Branches:
Dungeon (6/15)             Temple (1/1) D:5           Sewer (visited)

Altars:
Ashenzari
Cheibriados
Dithmenos
Fedhas
Hepliaklqana
Kikubaaqudgha
Nemelex Xobeh
Okawaru
Qazlal
Ru
Sif Muna
Trog
Yredelemnul
The Shining One

Shops:
D:5 (

Annotations:
D:3 2 transporters, NigelTetley's ghost, weakling DEEE
D:5 1 runed translucent door, Crazy Yiuf


Innate Abilities, Weirdness & Mutations

You may rarely emit foul miasma when damaged in melee.
You sometimes gain power by taking damage.


Message History

Things that are here:
a +0 club; a gnoll corpse You start resting.
Sif Muna's wrath finds you.
You feel dopey.
There is a stone staircase leading down here.
HP restored.
There is a stone staircase leading down here.
You climb downwards.
Found an encrusted ivory wand and 4 stones.
Found a stone staircase leading down.
There is a stone staircase leading up here.
The wight hits you with a +4 great sword.
You feel drained.
You climb upwards.
Level annotation: 1 runed translucent door, Crazy Yiuf
There is a stone staircase leading down here.
You hit the wight but do no damage.
The wight hits you with a +4 great sword!
You feel drained.
You hit the wight.
The wight is moderately damaged.
You block the wight's attack.
You closely miss the wight.
The wight is moderately damaged.
The wight hits you with a +4 great sword!
You feel drained. The wight barely misses you.
You thump the wight!
The wight is severely damaged.
The wight hits you but does no damage.
You hit the wight.
The wight is almost destroyed.
The wight hits you with a +4 great sword.
You feel drained.
* * * LOW HITPOINT WARNING * * *
You closely miss the wight.
The wight is almost destroyed.
The wight hits you with a +4 great sword!!
You die...
Your body disappears without a glow.

### ♣♣###.# #)..#♣♣
♣♣..#..#
#...+.♣♣♣♣......#
#...#♣..♣......##
### ♣♣♣.♣...###
♣♣♣♣♣## ### ### ###
#.#
##@#####.##########
#.#
#z.................
###.#
#..#####..##.#####.
#...####..# #...#.#
#. #.......<.#
##..#.# #.
#.........# #..#.##
#. ##.######.#
#..#..# #. #.# #.#
#..##.# #. #.# #.#
#..##.# #.


You could see a wight.

Vanquished Creatures
  A scorpion (D:5)
  An iguana (D:5)
  An orc wizard (D:3)
  2 gnolls (D:5)
  7 adders
  3 river rats
  A white imp (D:5)
  An ufetubus (D:6)
  A dart slug (D:3)
  7 orcs
  3 ball pythons
  5 bats
  5 endoplasms
  3 giant cockroaches
  5 goblins
  7 hobgoblins
  2 jackals (D:5)
  5 quokkas
  3 training dummies (D:5)
  9 frilled lizards
  2 kobolds
  2 quokka zombies (D:5)
  13 rats
89 creatures vanquished.

Notes
Turn   | Place    | Note
-------+----------+-------------------------------------------
     0 | D:1      | DeathSun the Demonspawn Fighter began the quest for the
                  | Orb.
     0 | D:1      | Reached XP level 1. HP: 18/18 MP: 1/1
   124 | D:1      | Reached skill level 2 in Maces & Flails
   359 | D:1      | Found a faded altar of an unknown god.
   413 | D:1      | Gained mutation: You sometimes gain a little power by
                  | taking damage. [demonic ancestry]
   413 | D:1      | Reached XP level 2. HP: 20/24 MP: 2/2
   434 | D:1      | Prayed at the altar of an unknown god.
   434 | D:1      | Became a worshipper of Sif Muna the Loreminder
   434 | D:1      | Reached * piety under Sif Muna
  1348 | D:2      | Reached skill level 3 in Maces & Flails
  1644 | D:2      | Gained mutation: You sometimes gain power by taking damage.
                  | [demonic ancestry]
  1644 | D:2      | Reached XP level 3. HP: 29/29 MP: 3/3
  1836 | D:2      | Identified the +3 trident "Iraaliy" {vorpal, Int+3}
  2858 | D:3      | Found an iron altar of Okawaru.
  3102 | D:3      | Found a transporter.
  3104 | D:3      | Found a transporter.
  3105 | D:3      | Noticed NigelTetley's ghost (weakling DEEE)
  3107 | D:3      | Identified the +6 great mace of Mandamus {freeze, rPois
                  | rC++ Int+2 Dex-3}
  3107 | D:3      | Noticed an ogre
  3419 | D:4      | Noticed a centaur
  3937 | D:3      | Gained mutation: You may rarely emit foul miasma when
                  | damaged in melee. [demonic ancestry]
  3937 | D:3      | Reached XP level 4. HP: 33/35 MP: 4/4
  3969 | D:3      | Reached skill level 4 in Maces & Flails
  4300 | D:5      | Entered Level 5 of the Dungeon
  4301 | D:5      | Found a staircase to the Ecumenical Temple.
  4477 | D:5      | Noticed a scorpion
  4485 | D:5      | Killed a scorpion
  4485 | D:5      | Reached ** piety under Sif Muna
  4486 | D:5      | Reached skill level 5 in Maces & Flails
  4486 | D:5      | Reached XP level 5. HP: 32/41 MP: 5/5
  4531 | D:5      | Found a glowing drain.
  4535 | Sewer    | Entered a sewer
  5508 | D:5      | Reached XP level 6. HP: 46/47 MP: 6/6
  5594 | D:5      | Found a runed translucent door.
  5595 | D:5      | Noticed Crazy Yiuf
  5707 | D:5      | Reached *** piety under Sif Muna
  5843 | D:5      | Found Jerythi's Firing Range.
  5873 | Temple   | Entered the Ecumenical Temple
  5949 | Temple   | Fell from the grace of Sif Muna
  5949 | Temple   | Became a worshipper of Nemelex Xobeh the Trickster
  6639 | D:6      | Reached skill level 6 in Maces & Flails
  7004 | D:5      | Mangled by a wight

Illustrated notes

Levels and vault maps discovered:
D:1:      evilmike_arrival_rings, layout_loops_corners, serial_glass,
          glass_columns_b, glass_columns_c, feat_on_display,
          minmay_strange_pillars, due_unseen_surprise,
          shapermc_ecumenical_altar_ellora
D:2:      layout_loops_ring, chequers_arboretum, grunt_decor_junction
D:3:      layout_loops_corners, okawaru_trees_1, gammafunk_ghost_smash
D:4:      layout_basic, minmay_starry_boxes
D:5:      layout_loops_ring, minmay_temple_entry_large_hall, enter_ossuary_4,
          gup_sewer_entry_bowl, nicolae_shop_firing_range,
          uniq_crazy_yiuf_cottage
D:6:      layout_gridville, zin_statuary, gammafunk_ghost_abyssal_escape,
          moated_statue
Temple:   dshaligram_water_room_temple

Skill      XL: |  1  2  3  4  5  6 |
---------------+-------------------+-----
Maces & Flails | 2 3 5 6 |  6.1
Fighting       | |  3.0
Armour         | |  2.6
Shields        | |  2.6

Action                   |  1- 3 |  4- 6 || total
-------------------------+-------+-------++-------
Melee: Flail             |   118 |   163 ||   281
  Use: Potion            |       |     3 ||     3
Armor: Scale mail        |    41 |    69 ||   110
Dodge: Dodged            |    45 |    70 ||   115
Block: Buckler           |    36 |    36 ||    72

Table legend: (Time is in decaauts)
 A = Elapsed time spent in this place.
 B = Non-inter-level travel time spent in this place.
 C = Inter-level travel time spent in this place.
 D = Time resting spent in this place.
 E = Time spent auto-exploring this place.
 F = Levels seen in this place.
 G = Mean time per level.
                   A        B        C        D        E       F      G
               +--------+--------+--------+--------+--------+-----+--------+
         Total |   7123 |   6652 |    471 |   1566 |   4027 |   8 |  890.4 |
       Dungeon |   5947 |   5498 |    449 |   1294 |   3437 |   6 |  991.2 |
        Temple |    284 |    262 |     22 |    100 |     85 |   1 |  284.0 |
         Sewer |    890 |    890 |      0 |    172 |    505 |   1 |  890.0 |
               +--------+--------+--------+--------+--------+-----+--------+

Top non-repeatable levels by time:
     D:3: 1814 daAuts
     D:5: 1590 daAuts
     D:1: 1325 daAuts
     D:2: 1028 daAuts
   Sewer: 890 daAuts
  Temple: 284 daAuts
     D:4: 170 daAuts
     D:6: 18 daAuts
